 Dungeon Crawl Stone Soup version 0.19-a0-599-g723c685 (webtiles) character file.

60 tyrsky the Gusty (level 3, -4/14 HPs)
             Began as a Felid Air Elementalist on June 11, 2016.
             Was an Initiate of Qazlal.
             Slain by a centaur (6 damage)
             ... on level 5 of the Dungeon.
             The game lasted 00:05:46 (2134 turns).

tyrsky the Gusty (Felid Air Elementalist)           Turns: 2134, Time: 00:05:47

Health: -4/14      AC:  2    Str:  5    XL:     3   Next: 82%
Magic:  2/7        EV: 18    Int: 16    God:    Qazlal [......]
Gold:   110        SH:  0    Dex: 16    Spells: 2 memorised, 3 levels left
                                        Lives:  0   Deaths: 0

rFire  . . .     SeeInvis +       - Unarmed
rCold  . . .     Gourm    .     (armour unavailable)
rNeg   . . .     Faith    .     (shield unavailable)
rPois  .         Spirit   .     (helmet unavailable)
rElec  .         Dismiss  .     (cloak unavailable)
rCorr  .         Reflect  .     (gloves unavailable)
SustAt .         Harm     .     (boots unavailable)
MR     .....                    (no amulet)
Stlth  +++.......               (no ring)
                                e - +1 ring of protection (curse)

@: very slightly contaminated, repel missiles, quick, not resistant to hostile
enchantments, fairly stealthy
A: no armour, no weapons or thrown items, claws 1, fangs 3, see invisible,
carnivore 3, speed 1, shaggy fur 1, slow metabolism 1, sharp paws
a: Renounce Religion


You were on level 5 of the Dungeon.
You worshipped Qazlal.
Qazlal was noncommittal.
You were not hungry.

You visited 2 branches of the dungeon, and saw 5 of its levels.

You collected 110 gold pieces.

Inventory:

Jewellery
 e - a cursed +1 ring of protection (left paw)
 s - an uncursed amulet of rage {unknown}
Wands
 m - a wand of polymorph (9/24)
 r - a wand of random effects (13/48)
Scrolls
 c - 2 scrolls of recharging {unknown}
 d - a scroll of remove curse {unknown}
 f - a scroll of magic mapping {unknown}
 g - 5 scrolls of identify {unknown}
 i - 2 scrolls of amnesia {unknown}
 n - a scroll of random uselessness {unknown}
 p - a scroll of enchant weapon {unknown}
Potions
 h - a potion of haste {unknown}
 j - 2 potions of curing {unknown}
 l - 4 potions of agility {unknown}
 o - a potion of lignification {unknown}
 q - 2 potions of might {unknown}
Books
 a - a book of Air

   Spells                             Type                      Level
   a - Shock                          Conjuration/Air              1
   b - Swiftness                      Charms/Air                   2
   c - Repel Missiles                 Charms/Air                   2
   d - Static Discharge               Conjuration/Air              3
   e - Lightning Bolt                 Conjuration/Air              5
Comestibles
 b - 2 meat rations
 k - 2 beef jerkies


   Skills:
 - Level 2.6 Dodging
 - Level 2.6 Stealth
 + Level 1.3 Unarmed Combat
 + Level 2.3 Spellcasting
 + Level 1.9 Conjurations
 + Level 3.3 Air Magic


You had 3 spell levels left.
You knew the following spells:

 Your Spells              Type           Power        Failure   Level  Hunger
a - Shock                 Conj/Air       ##..         10%         1    #......
b - Repel Missiles        Chrm/Air       #.....       17%         2    ###....


Dungeon Overview and Level Annotations

Branches:
Dungeon (5/15)             Temple (1/1) D:5

Altars:
Ashenzari
Cheibriados
Elyvilon
Gozag
Hepliaklqana
Kikubaaqudgha
Makhleb
Nemelex Xobeh
Okawaru
Pakellas
Qazlal
Sif Muna
Trog
Uskayaw
Vehumet
Yredelemnul
Zin
The Shining One

Annotations:
D:2 Terence


Innate Abilities, Weirdness & Mutations

You cannot wear armour.
You are incapable of wielding weapons or throwing items.
You have sharp claws.
You have razor-sharp teeth.
You have supernaturally acute eyesight. (SInv)
You are carnivorous and can eat meat at any time.
You cover ground quickly.
You are covered in fur. (AC +1)
You have a slow metabolism.
Your sharp claws are effective at attacking unaware monsters.


Message History

The centaur hits you!
Ouch! That really hurt!
* * * LOW HITPOINT WARNING * * *
Casting: Shock
Confirm with . or Enter, or press ? or * to list all spells.
Aiming: Shock
Press: ? - help, Shift-Dir - straight line, f/p - centaur
Aim: a centaur The zap hits the centaur.
The centaur is moderately wounded.
The centaur barely misses you.
Casting: Shock
Confirm with . or Enter, or press ? or * to list all spells.
Aiming: Shock
Press: ? - help, Shift-Dir - straight line, f/p - centaur
Aim: a centaur (moderately wounded)
The zap hits the centaur.
The centaur appears unharmed.
The centaur is moderately wounded.
The centaur completely misses you. The centaur hits you.
You die...

.......P..............
#......................
#(.................≈≈.#
#.................≈≈≈.#
##.................≈≈§≈#
........P....(....§§§≈
#...............§≈§4§
#...c^....)(..§§≈≈##
###.Zh(.......§≈§##
#######....##### ######


You could see a centaur and a giant gecko zombie.

Vanquished Creatures
  An adder (D:3)
  An ooze (D:2)
  A worm (D:2)
  2 dart slugs (D:1)
  A giant gecko (D:1)
  2 giant cockroaches
  6 goblins
  9 hobgoblins
  3 kobolds
  6 bats
  A giant newt (D:1)
  4 rats
37 creatures vanquished.

Notes
Turn   | Place    | Note
--------------------------------------------------------------
     0 | D:1      | tyrsky the Felid Air Elementalist began the quest for the Orb.
     0 | D:1      | Reached XP level 1. HP: 7/7 MP: 4/4
   138 | D:1      | Reached skill level 1 in Conjurations
   383 | D:1      | Reached XP level 2. HP: 11/11 MP: 4/6
   502 | D:1      | Learned a level 2 spell: Repel Missiles
   646 | D:1      | Reached skill level 3 in Air Magic
   877 | D:2      | Reached skill level 1 in Unarmed Combat
   878 | D:2      | Noticed Terence
  1041 | D:2      | Reached XP level 3. HP: 14/14 MP: 0/7
  1068 | D:2      | Found an oddly glowing altar of Pakellas.
  1075 | D:2      | Found a snail-covered altar of Cheibriados.
  1782 | D:3      | Found a faded altar of an unknown god.
  1903 | D:3      | You fall through a shaft for 2 floors!
  1903 | D:5      | Entered Level 5 of the Dungeon
  1916 | D:5      | Found a staircase to the Ecumenical Temple.
  1925 | Temple   | Entered the Ecumenical Temple
  2028 | Temple   | Became a worshipper of Qazlal Stormbringer
  2066 | D:5      | Noticed an angel
  2117 | D:5      | Noticed a rust devil
  2125 | D:5      | Noticed a centaur
  2134 | D:5      | Slain by a centaur

Vault maps used:
D:1:      dpeg_arrival_long_road, minmay_misc_feat_ornament
D:2:      amethyst_overflow_temple_binary, first_bread, uniq_terence
D:3:      ecumenical_altar_2
D:5:      temple_garden
Temple:   nicolae_temple_elliptical

Skill      XL: |  1  2 |
---------------+-------+-----
Conjurations   | 1 |  1.9
Air Magic      | 3 |  3.3
Unarmed Combat | 1 |  1.3
Dodging        | |  2.6
Stealth        | |  2.6
Spellcasting   | |  2.3

Action                   || total
-------------------------++-------
Melee: Unarmed           ||    29
       Bite              ||     4
 Cast: Shock             ||    87
       Repel Missiles    ||     2
  Eat: Chunk             ||     3
Armor: Skin              ||     3
Dodge: Dodged            ||    45
       Deflected         ||     4
